[Event "Nordic Chess-ch 2019"]
[Site "Sarpsborg"]
[Date "2019.06.23"]
[Round "4.42"]
[White "Thorvlaksson, Baldvin"]
[Black "Eriksen, Oddvar"]
[Result "1/2-1/2"]
[ECO "B50"]
[WhiteElo "1523"]
[BlackElo "1520"]
[Annotator "NA"]
[PlyCount "54"]
[EventDate "2019.06.21"]
[EventType "swiss"]
[EventCountry "NOR"]
[SourceTitle "playchess.com"]
[Source "ChessBase"]
[SourceQuality "1"]
[TimeControl "40/5400+30:1800+30"]

1. e4 c5 2. Nf3 Nc6 3. b3 e5 4. Bb2 d6 5. Be2 Nf6 6. d3 Be7 7. Nbd2 O-O 8. Nc4 b5 9. Ne3 b4 10. Kd2 Nd4 11. Qg1 Nxe2 12. Kxe2 Ba6 13. Nd2 g6 14. Rf1 Nh5 15. Nd5 Bb7 16. g4 Nf4+ 17. Nxf4 exf4 18. Nf3 Bf6 19. Bc1 d5 20. e5 Bg7 21. Bxf4 d4 22. Qg3 Re8 23. Kd2 Qd5 24. Ng5 h6 25. Ne4 Bxe5 26. Bxe5 Qxe5 27. Qxe5 Rxe5 1/2-1/2

[Event "Nordic Chess-ch 2019"]
[Site "Sarpsborg"]
[Date "2019.06.24"]
[Round "5.5"]
[White "Hobber, Anders"]
[Black "Holm, Kristian Stuvik"]
[Result "1/2-1/2"]
[ECO "B15"]
[WhiteElo "2282"]
[BlackElo "2474"]
[Annotator "RC"]
[PlyCount "62"]
[EventDate "2019.06.21"]
[EventType "swiss"]
[EventCountry "NOR"]
[SourceTitle "playchess.com"]
[Source "ChessBase"]
[SourceQuality "1"]
[TimeControl "40/5400+30:1800+30"]

1. d4 g6 2. e4 Bg7 3. Nc3 c6 4. Nf3 d5 5. h3 Nh6 6. Bd3 O-O 7. O-O f6 8. Re1 Nf7 9. e5 fxe5 10. dxe5 e6 11. Bf4 c5 12. Qd2 Nc6 13. h4 a6 14. h5 gxh5 15. Rad1 c4 16. Bf1 Nh8 17. Bh6 Ng6 18. Bxg7 Kxg7 19. Qe3 Qe7 20. Ne2 h4 21. Ned4 Nd8 22. b3 b5 23. g3 hxg3 24. fxg3 Bd7 25. Rd2 Nf7 26. Rh2 Rh8 27. Ne2 Rag8 28. Nf4 Nxf4 29. gxf4 Kf8+ 30. Kh1 Rg6 31. Nd4 Bc8 1/2-1/2

[Event "Nordic Chess-ch 2019"]
[Site "Sarpsborg"]
[Date "2019.06.24"]
[Round "5.12"]
[White "Sahl, Sheila Barth"]
[Black "Tryggestad, Andreas Garberg"]
[Result "0-1"]
[ECO "A45"]
[WhiteElo "2127"]
[BlackElo "2324"]
[Annotator "NA"]
[PlyCount "67"]
[EventDate "2019.06.21"]
[EventType "swiss"]
[EventCountry "NOR"]
[SourceTitle "playchess.com"]
[Source "ChessBase"]
[SourceQuality "1"]
[TimeControl "40/5400+30:1800+30"]

1. d4 Nf6 2. Bf4 g6 3. Nc3 d5 4. e3 Bg7 5. h4 c5 6. Nb5 Na6 7. c3 Bd7 8. a4 O-O 9. Be2 c4 10. b3 cxb3 11. Qxb3 Qa5 12. Rc1 Rac8 13. Nf3 Nb8 14. O-O Nc6 15. c4 dxc4 16. Bxc4 Qb6 17. Ng5 Be8 18. Qa2 h6 19. Ne6 fxe6 20. Bxe6+ Bf7 21. Bxf7+ Rxf7 22. d5 a6 23. Nd4 Na7 24. Rb1 Qd8 25. Rxb7 Qxd5 26. Qxd5 Nxd5 27. Ne6 Nc6 28. Rc1 Nxf4 29. exf4 Rf6 30. Re1 Kf7 31. Nc7 Rb8 32. Rxb8 Nxb8 33. g3 Rd6 34. Rb1 0-1

[Event "Nordic Chess-ch 2019"]
[Site "Sarpsborg"]
[Date "2019.06.24"]
[Round "5.13"]
[White "Blauhut, Holger"]
[Black "Haugli, Petter"]
[Result "1-0"]
[ECO "C01"]
[WhiteElo "2041"]
[BlackElo "2223"]
[Annotator "NA"]
[PlyCount "71"]
[EventDate "2019.06.21"]
[EventType "swiss"]
[EventCountry "NOR"]
[SourceTitle "playchess.com"]
[Source "ChessBase"]
[SourceQuality "1"]
[TimeControl "40/5400+30:1800+30"]

1. e4 e6 2. d4 d5 3. Bd3 dxe4 4. Bxe4 Nf6 5. Bf3 c5 6. Ne2 Nc6 7. Be3 cxd4 8. Nxd4 Nxd4 9. Qxd4 Qa5+ 10. Nd2 e5 11. Qd3 Be7 12. O-O O-O 13. Ne4 Qc7 14. Qc3 Qxc3 15. Nxc3 Bf5 16. Nd5 Nxd5 17. Bxd5 Rfd8 18. c4 Rd7 19. Rfd1 a6 20. Bb6 Rc8 21. Re1 Bd6 22. a3 Re7 23. Rad1 Bb8 24. b4 g6 25. f3 h5 26. h3 Be6 27. Bc5 Rd7 28. Bxe6 Rxd1 29. Rxd1 fxe6 30. Rd7 Bc7 31. Be3 Kf8 32. Bg5 b6 33. Bf6 Bb8 34. Rb7 Bc7 35. Kf2 Bd8 36. Bxd8 1-0

[Event "Nordic Chess-ch 2019"]
[Site "Sarpsborg"]
[Date "2019.06.24"]
[Round "5.14"]
[White "Sjoberg, Isak"]
[Black "Gonzalez, Francisco Silva"]
[Result "1-0"]
[ECO "C54"]
[WhiteElo "2222"]
[BlackElo "2095"]
[Annotator "ChessBase"]
[PlyCount "87"]
[EventDate "2019.06.21"]
[EventType "swiss"]
[EventCountry "NOR"]
[SourceTitle "playchess.com"]
[Source "ChessBase"]
[SourceQuality "1"]
[TimeControl "40/5400+30:1800+30"]

1. e4 e5 2. Nf3 Nc6 3. Bc4 Bc5 4. c3 Nf6 5. d3 d6 6. O-O O-O 7. a4 a6 8. Re1 Ba7 9. h3 Be6 10. Nbd2 h6 11. Bb3 Ne7 12. d4 exd4 13. cxd4 d5 14. e5 Nd7 15. Bc2 Bf5 16. b4 c6 17. Ba3 Re8 18. Rb1 Nf8 19. b5 Bxc2 20. Qxc2 cxb5 21. axb5 Ne6 22. Bxe7 Rxe7 23. bxa6 Rc7 24. Qd3 bxa6 25. Ra1 Rc6 26. Nb3 Qc8 27. Rec1 Rc4 28. Nfd2 Nf4 29. Qf3 Rxc1+ 30. Rxc1 Qf5 31. g4 Qg5 32. h4 Ne2+ 33. Qxe2 Qxh4 34. e6 fxe6 35. Qxe6+ Kh8 36. Rc8+ Rxc8 37. Qxc8+ Kh7 38. Kg2 a5 39. Nf3 Qf6 40. Nxa5 Bxd4 41. Nb3 Bc3 42. Nc5 Qd6 43. Ne6 Bb4 44. Neg5+ 1-0

[Event "Nordic Chess-ch 2019"]
[Site "Sarpsborg"]
[Date "2019.06.24"]
[Round "5.15"]
[White "Kristiansen, Rune Harald"]
[Black "Thorn, Eric"]
[Result "1-0"]
[ECO "D24"]
[WhiteElo "1849"]
[BlackElo "2230"]
[Annotator "ChessBase"]
[PlyCount "123"]
[EventDate "2019.06.21"]
[EventType "swiss"]
[EventCountry "NOR"]
[SourceTitle "playchess.com"]
[Source "ChessBase"]
[SourceQuality "1"]
[TimeControl "40/5400+30:1800+30"]

1. d4 Nf6 2. c4 e6 3. Nf3 d5 4. Bg5 dxc4 5. Nc3 a6 6. a4 Nc6 7. e3 Na5 8. Nd2 Bb4 9. Nxc4 Qd5 10. Bxf6 gxf6 11. Nd2 Qf5 12. Rc1 Bd7 13. e4 Qg6 14. Qc2 c5 15. d5 Rc8 16. g3 c4 17. Bg2 Nb3 18. Nxb3 Bxa4 19. O-O Bxb3 20. Qe2 e5 21. Bh3 Rd8 22. Kh1 h5 23. Bf5 Qh6 24. Rce1 h4 25. g4 Qf4 26. h3 Bc5 27. Kg2 Rd6 28. Ra1 b5 29. Qe1 Bc2 30. Ne2 Qh6 31. f4 Bd3 32. Kf3 Bxe2+ 33. Kxe2 exf4 34. Kf3 O-O 35. Qa5 Rfd8 36. Qe1 Bd4 37. Qd2 Rb8 38. Qxd4 Qf8 39. Rg1 Qd8 40. Rg2 b4 41. Rag1 Qb6 42. Qxb6 Rdxb6 43. Rc2 c3 44. bxc3 b3 45. Rb2 Rb5 46. c4 Rb4 47. Rc1 a5 48. c5 a4 49. c6 a3 50. c7 Rf8 51. c8=Q axb2 52. Qxf8+ Kxf8 53. Rb1 Rc4 54. Rxb2 Rc3+ 55. Kxf4 Rxh3 56. d6 Rc3 57. d7 Ke7 58. Rd2 Kd8 59. Rd4 h3 60. Ra4 Rd3 61. Ra8+ Kc7 62. Rc8+ 1-0

[Event "Nordic Chess-ch 2019"]
[Site "Sarpsborg"]
[Date "2019.06.24"]
[Round "5.16"]
[White "Rishovd, Svein"]
[Black "Schouten, Mathias Lind"]
[Result "1-0"]
[ECO "B52"]
[WhiteElo "2113"]
[BlackElo "1967"]
[Annotator "NA"]
[PlyCount "131"]
[EventDate "2019.06.21"]
[EventType "swiss"]
[EventCountry "NOR"]
[SourceTitle "playchess.com"]
[Source "ChessBase"]
[SourceQuality "1"]
[TimeControl "40/5400+30:1800+30"]

1. Nf3 c5 2. e4 d6 3. Bb5+ Bd7 4. Bxd7+ Qxd7 5. c4 Nc6 6. d4 cxd4 7. Nxd4 g6 8. Nc3 Bg7 9. Be3 Nf6 10. f3 O-O 11. O-O Rac8 12. b3 a6 13. Qd3 Rfd8 14. Rac1 e6 15. Na4 Qc7 16. Ne2 Nd7 17. Qb1 b6 18. Rfd1 Nc5 19. Nac3 Qb8 20. f4 b5 21. cxb5 axb5 22. e5 b4 23. Bxc5 dxc5 24. Ne4 Bf8 25. Nf6+ Kh8 26. Qe4 Nd4 27. Ng3 Qa8 28. Qb1 Bh6 29. Rf1 Qa7 30. Kh1 Bf8 31. Nge4 Nb5 32. h4 Na3 33. Qb2 c4 34. bxc4 Nxc4 35. Qe2 Ne3 36. Rxc8 Rxc8 37. Re1 Nf5 38. h5 Ra8 39. hxg6 fxg6 40. g4 Nd4 41. Qf2 Rc8 42. Rd1 Rd8 43. Nd6 Bxd6 44. Qxd4 Qxd4 45. Rxd4 Be7 46. Rxd8+ Bxd8 47. Ne4 Be7 48. g5 Kg7 49. Kg2 h6 50. gxh6+ Kxh6 51. Kg3 Kg7 52. Ng5 Bf6 53. exf6+ Kxf6 54. Ne4+ Kf5 55. Nd6+ Kf6 56. Nc4 g5 57. fxg5+ Kxg5 58. Kf3 Kf5 59. Ke3 e5 60. Nd2 Ke6 61. Ke4 Kd6 62. Nb3 Ke6 63. Nc5+ Kd6 64. Nd3 Kc6 65. Nxb4+ Kb5 66. Nc2 1-0

[Event "Nordic Chess-ch 2019"]
[Site "Sarpsborg"]
[Date "2019.06.24"]
[Round "5.17"]
[White "Johansen, Torbjorn Reidar"]
[Black "Wahlund, Max"]
[Result "0-1"]
[ECO "B32"]
[WhiteElo "1754"]
[BlackElo "2103"]
[Annotator "NA"]
[PlyCount "88"]
[EventDate "2019.06.21"]
[EventType "swiss"]
[EventCountry "NOR"]
[SourceTitle "playchess.com"]
[Source "ChessBase"]
[SourceQuality "1"]
[TimeControl "40/5400+30:1800+30"]

1. e4 c5 2. Nf3 Nc6 3. d4 cxd4 4. Nxd4 e5 5. Nb5 d6 6. N1c3 a6 7. Na3 Be7 8. Nd5 Nf6 9. Nxe7 Qxe7 10. Bg5 O-O 11. Nc4 h6 12. Nb6 hxg5 13. Nxa8 Qd8 14. f3 Be6 15. Qd2 Qxa8 16. h4 g4 17. h5 Nh7 18. Be2 Qd8 19. O-O-O Qg5 20. fxg4 Nd4 21. Bf3 Rc8 22. Kb1 Nxc2 23. Qxd6 Nd4 24. Qb6 Qd8 25. Qxd8+ Rxd8 26. Rc1 Ng5 27. Rhf1 Rc8 28. Rce1 Bc4 29. Rf2 Bd3+ 30. Ka1 Nc2+ 31. Rxc2 Rxc2 32. b3 Rd2 33. Re3 Ne6 34. Re1 Nd4 35. Rg1 b5 36. Rc1 b4 37. g5 Nb5 38. Rd1 Rxd1+ 39. Bxd1 Bxe4 40. g3 Nc3 41. Bg4 Bb1 42. Kb2 Bxa2 43. Bf5 e4 44. g4 Bb1 0-1

[Event "Nordic Chess-ch 2019"]
[Site "Sarpsborg"]
[Date "2019.06.24"]
[Round "5.18"]
[White "Johansen, Kolbjorn-Albin"]
[Black "Fernandez, Juan Pablo"]
[Result "1/2-1/2"]
[ECO "D00"]
[WhiteElo "1690"]
[BlackElo "2066"]
[Annotator "NA"]
[PlyCount "38"]
[EventDate "2019.06.21"]
[EventType "swiss"]
[EventCountry "NOR"]
[SourceTitle "playchess.com"]
[Source "ChessBase"]
[SourceQuality "1"]
[TimeControl "40/5400+30:1800+30"]

1. d4 Nf6 2. Bf4 d5 3. e3 e6 4. Nd2 c5 5. c3 Bd6 6. Bg3 a6 7. Ngf3 Nc6 8. Bd3 c4 9. Bc2 b5 10. e4 Nxe4 11. Nxe4 dxe4 12. Bxe4 Bb7 13. Qe2 O-O 14. O-O Bxg3 15. hxg3 Qe7 16. Rfe1 Rae8 17. Rad1 g6 18. Bxc6 Bxc6 19. d5 Ba8 1/2-1/2

[Event "Nordic Chess-ch 2019"]
[Site "Sarpsborg"]
[Date "2019.06.24"]
[Round "5.19"]
[White "Tunsjo, Axel"]
[Black "Stabbetorp, Jon Anders"]
[Result "1-0"]
[ECO "C54"]
[WhiteElo "2002"]
[BlackElo "1817"]
[Annotator "NA"]
[PlyCount "83"]
[EventDate "2019.06.21"]
[EventType "swiss"]
[EventCountry "NOR"]
[SourceTitle "playchess.com"]
[Source "ChessBase"]
[SourceQuality "1"]
[TimeControl "40/5400+30:1800+30"]

1. e4 e5 2. Nf3 Nc6 3. Bc4 Bc5 4. O-O Nf6 5. d3 h6 6. c3 a6 7. d4 exd4 8. cxd4 Ba7 9. e5 Ng4 10. h3 h5 11. Bg5 f6 12. exf6 gxf6 13. Qd3 d5 14. Qg6+ Kf8 15. hxg4 fxg5 16. Nxg5 Qe7 17. Nc3 Bxg4 18. Rae1 Qg7 19. Qxg7+ Kxg7 20. Nxd5 Rac8 21. f3 Nxd4 22. Kh2 Bf5 23. Ne7 Rce8 24. Nxf5+ Nxf5 25. Ne6+ Kf6 26. Nf4 c6 27. Rxe8 Rxe8 28. Nxh5+ Kg5 29. g4 Ne3 30. Rc1 Nxc4 31. Rxc4 Re2+ 32. Kg3 Rxb2 33. f4+ Kg6 34. Re4 Rxa2 35. Re6+ Kf7 36. Rf6+ Kg8 37. g5 Bd4 38. Rd6 c5 39. g6 Bg7 40. Rd7 Bf8 41. Nf6+ Kh8 42. Rh7# 1-0

[Event "Nordic Chess-ch 2019"]
[Site "Sarpsborg"]
[Date "2019.06.24"]
[Round "5.20"]
[White "Strand, Vetle Bjorge"]
[Black "Nilsen, Tobias Lang"]
[Result "0-1"]
[ECO "E20"]
[WhiteElo "1609"]
[BlackElo "1986"]
[Annotator "NA"]
[PlyCount "70"]
[EventDate "2019.06.21"]
[EventType "swiss"]
[EventCountry "NOR"]
[SourceTitle "playchess.com"]
[Source "ChessBase"]
[SourceQuality "1"]
[TimeControl "40/5400+30:1800+30"]

1. d4 Nf6 2. c4 e6 3. Nc3 Bb4 4. Bf4 O-O 5. e3 d6 6. Nf3 Qe7 7. Be2 Nbd7 8. O-O e5 9. dxe5 dxe5 10. Bg3 Bxc3 11. bxc3 Ne4 12. Qc2 f5 13. Nd2 Nd6 14. f3 Nc5 15. Nb3 b6 16. Nxc5 bxc5 17. Bf2 e4 18. Rab1 Be6 19. Qa4 Qf7 20. fxe4 Nxe4 21. Rfc1 Rad8 22. Be1 f4 23. exf4 Qxf4 24. Bf3 Qe3+ 25. Kh1 Rxf3 26. Bh4 Nf2+ 27. Bxf2 Rxf2 28. Qxa7 Qg5 29. Rg1 Qe5 30. Rbe1 Qd6 31. Qa4 Bd7 32. Qb3 Bc6 33. Rd1 Bxg2+ 34. Rxg2 Qxd1+ 35. Qxd1 Rxd1+ 0-1

[Event "Nordic Chess-ch 2019"]
[Site "Sarpsborg"]
[Date "2019.06.24"]
[Round "5.21"]
[White "Unneland, Mathias"]
[Black "Jashari, Driton"]
[Result "1/2-1/2"]
[ECO "D38"]
[WhiteElo "1980"]
[BlackElo "1755"]
[Annotator "NA"]
[PlyCount "65"]
[EventDate "2019.06.21"]
[EventType "swiss"]
[EventCountry "NOR"]
[SourceTitle "playchess.com"]
[Source "ChessBase"]
[SourceQuality "1"]
[TimeControl "40/5400+30:1800+30"]

1. d4 d5 2. c4 e6 3. Nf3 Nf6 4. Nc3 Bb4 5. Qa4+ Nc6 6. e3 O-O 7. Bd3 a6 8. O-O Bxc3 9. bxc3 Bd7 10. Qc2 Ne7 11. Ba3 dxc4 12. Bxc4 Bb5 13. Ne5 Re8 14. Rab1 Bxc4 15. Nxc4 b5 16. Ne5 Ng6 17. f4 Qd5 18. Rbc1 Qe4 19. Ng4 Qxc2 20. Nxf6+ gxf6 21. Rxc2 f5 22. c4 c6 23. Rfc1 Reb8 24. Bd6 Rd8 25. Bc7 Rd7 26. Ba5 h5 27. a3 h4 28. Kf2 Kg7 29. cxb5 cxb5 30. Rc7 Ra7 31. Rxd7 Rxd7 32. Rc6 Ra7 33. Bb6 1/2-1/2

[Event "Nordic Chess-ch 2019"]
[Site "Sarpsborg"]
[Date "2019.06.24"]
[Round "5.22"]
[White "Ptacnikova, Lenka"]
[Black "Holand, Per Fredrik"]
[Result "1-0"]
[ECO "E19"]
[WhiteElo "2145"]
[BlackElo "1883"]
[Annotator "NA"]
[PlyCount "67"]
[EventDate "2019.06.21"]
[EventType "swiss"]
[EventCountry "NOR"]
[SourceTitle "playchess.com"]
[Source "ChessBase"]
[SourceQuality "1"]
[TimeControl "40/5400+30:1800+30"]

1. Nf3 Nf6 2. g3 b6 3. Bg2 Bb7 4. O-O e6 5. c4 Be7 6. Nc3 O-O 7. d4 Ne4 8. Qc2 Nxc3 9. Qxc3 f5 10. b3 d6 11. Bb2 Nd7 12. Rfd1 Qe8 13. d5 e5 14. b4 a5 15. a3 Bf6 16. e4 f4 17. Bh3 Bc8 18. Be6+ Kh8 19. Kg2 g6 20. Rdc1 Bg7 21. Qd3 Nf6 22. Bxc8 Qxc8 23. h3 fxg3 24. fxg3 Bh6 25. Rf1 c5 26. Bc3 a4 27. Ra2 Nh5 28. Raf2 Bf4 29. Nxe5 dxe5 30. gxf4 Kg8 31. Bxe5 cxb4 32. axb4 Qd8 33. c5 Qh4 34. d6 1-0

[Event "Nordic Chess-ch 2019"]
[Site "Sarpsborg"]
[Date "2019.06.24"]
[Round "5.23"]
[White "Tenold, Andreas"]
[Black "Stellas, Dimitrios"]
[Result "0-1"]
[ECO "B12"]
[WhiteElo "1959"]
[BlackElo "1976"]
[Annotator "NA"]
[PlyCount "76"]
[EventDate "2019.06.21"]
[EventType "swiss"]
[EventCountry "NOR"]
[SourceTitle "playchess.com"]
[Source "ChessBase"]
[SourceQuality "1"]
[TimeControl "40/5400+30:1800+30"]

1. e4 c6 2. d4 d5 3. e5 Bf5 4. h4 h5 5. Bd3 Bxd3 6. Qxd3 e6 7. Bg5 Qb6 8. b3 Ne7 9. Ne2 Nf5 10. O-O Qa6 11. Qd2 Nd7 12. Ng3 g6 13. Nxf5 gxf5 14. Rc1 Nb6 15. a4 Kd7 16. Na3 Nc8 17. c4 Ne7 18. c5 b6 19. b4 Rc8 20. b5 Qb7 21. a5 cxb5 22. axb6 Nc6 23. bxa7 Be7 24. Bxe7 Kxe7 25. Rcb1 Nxa7 26. Qb4 Nc6 27. Qxb5 Qxb5 28. Nxb5 Ra8 29. Na7 Nxd4 30. c6 Kf8 31. c7 Kg7 32. Ra4 Ne2+ 33. Kf1 Nc3 34. Rc1 Nxa4 35. c8=Q Rhxc8 36. Nxc8 Nb2 37. Rb1 Nc4 38. Nd6 Nd2+ 0-1

[Event "Nordic Chess-ch 2019"]
[Site "Sarpsborg"]
[Date "2019.06.24"]
[Round "5.24"]
[White "Dingertz, Erik"]
[Black "Pettersen, Morgan Buckholm"]
[Result "1-0"]
[ECO "E04"]
[WhiteElo "1969"]
[BlackElo "1508"]
[Annotator "NA"]
[PlyCount "49"]
[EventDate "2019.06.21"]
[EventType "swiss"]
[EventCountry "NOR"]
[SourceTitle "playchess.com"]
[Source "ChessBase"]
[SourceQuality "1"]
[TimeControl "40/5400+30:1800+30"]

1. c4 c6 2. g3 d5 3. Bg2 Nf6 4. Nf3 e6 5. O-O Nbd7 6. d4 dxc4 7. a4 a5 8. Na3 Nb6 9. Qc2 Bb4 10. Rd1 Qe7 11. e4 h6 12. Ne5 O-O 13. Naxc4 Nxc4 14. Qxc4 Rd8 15. Bd2 c5 16. Bxb4 axb4 17. Qxc5 Qxc5 18. dxc5 Bd7 19. b3 Bc6 20. Nxc6 bxc6 21. Kf1 Nd7 22. Rac1 e5 23. Rd6 Rac8 24. Rcd1 Rc7 25. Bh3 1-0

[Event "Nordic Chess-ch 2019"]
[Site "Sarpsborg"]
[Date "2019.06.24"]
[Round "5.25"]
[White "Kreken, Eivind Grunt"]
[Black "Skaar, Ben Samuel Groth"]
[Result "1-0"]
[ECO "D51"]
[WhiteElo "1784"]
[BlackElo "1362"]
[Annotator "NA"]
[PlyCount "37"]
[EventDate "2019.06.21"]
[EventType "swiss"]
[EventCountry "NOR"]
[SourceTitle "playchess.com"]
[Source "ChessBase"]
[SourceQuality "1"]
[TimeControl "40/5400+30:1800+30"]

1. d4 d5 2. c4 e6 3. Nc3 Nf6 4. cxd5 exd5 5. Bg5 Nbd7 6. e3 c6 7. Bd3 Bb4 8. Qc2 O-O 9. Bxh7+ Kh8 10. Bd3 Qc7 11. Nf3 b6 12. O-O Bb7 13. e4 Bxc3 14. bxc3 dxe4 15. Bxe4 Nxe4 16. Qxe4 c5 17. Qh4+ Kg8 18. Be7 Rfe8 19. Ng5 1-0

[Event "Nordic Chess-ch 2019"]
[Site "Sarpsborg"]
[Date "2019.06.24"]
[Round "5.26"]
[White "Kro, Andreas Fuskeland"]
[Black "Neretljak, Nedzad"]
[Result "0-1"]
[ECO "D80"]
[WhiteElo "1565"]
[BlackElo "2114"]
[Annotator "NA"]
[PlyCount "88"]
[EventDate "2019.06.21"]
[EventType "swiss"]
[EventCountry "NOR"]
[SourceTitle "playchess.com"]
[Source "ChessBase"]
[SourceQuality "1"]
[TimeControl "40/5400+30:1800+30"]

1. d4 Nf6 2. c4 g6 3. Nc3 d5 4. Bg5 Ne4 5. Bh4 Nxc3 6. bxc3 dxc4 7. Qa4+ Nd7 8. e3 Bg7 9. Bxc4 O-O 10. Qc2 c5 11. Nf3 Nb6 12. Be2 cxd4 13. cxd4 Bf5 14. Qc5 Nd5 15. Bc4 Nf6 16. Ne5 Rc8 17. Qxa7 Rxc4 18. Nxc4 Qd5 19. Nd2 Qxg2 20. Rf1 Bd3 21. Bg3 Ba6 22. O-O-O Qc6+ 23. Qc5 Qe6 24. Kb2 Rc8 25. Qe5 Qb6+ 26. Nb3 Bxf1 27. Rxf1 Qa6 28. Rc1 Ra8 29. a4 Qe2+ 30. Rc2 Qf3 31. Qxe7 Re8 32. Qc7 h5 33. Qf4 Qg2 34. f3 Qg1 35. e4 Rd8 36. Rc7 Rxd4 37. Nxd4 Qxd4+ 38. Kc1 Kh7 39. Qe5 Qe3+ 40. Kb1 Qxf3 41. Rxb7 Nxe4 42. Qc7 Qd1+ 43. Ka2 Qxa4+ 44. Kb1 Nc3+ 0-1

[Event "Nordic Chess-ch 2019"]
[Site "Sarpsborg"]
[Date "2019.06.24"]
[Round "5.27"]
[White "Nizar, Siako"]
[Black "Hamre, Kenneth"]
[Result "0-1"]
[ECO "A34"]
[WhiteElo "1209"]
[BlackElo "2033"]
[Annotator "NA"]
[PlyCount "77"]
[EventDate "2019.06.21"]
[EventType "swiss"]
[EventCountry "NOR"]
[SourceTitle "playchess.com"]
[Source "ChessBase"]
[SourceQuality "1"]
[TimeControl "40/5400+30:1800+30"]

1. c4 Nf6 2. Nc3 c5 3. g3 e6 4. e4 d6 5. Nge2 b6 6. Bg2 Bb7 7. O-O Nbd7 8. d3 Qb8 9. f4 Be7 10. Bd2 O-O 11. Qc2 Re8 12. h3 h5 13. Kh1 a6 14. a4 Qc7 15. b3 Rad8 16. Be3 Bf8 17. Qd2 g6 18. Rad1 Bg7 19. Qc1 Rc8 20. Qd2 Qb8 21. Qc1 Qa8 22. Kg1 Bc6 23. Qc2 Bb7 24. Qc1 Bh8 25. Qc2 Rcd8 26. Bf2 Nb8 27. d4 cxd4 28. Bxd4 Nbd7 29. Bf2 Nc5 30. Bxc5 dxc5 31. Rxd8 Rxd8 32. Rf2 Rd7 33. e5 Bxg2 34. Rxg2 Ne8 35. g4 hxg4 36. hxg4 Qd8 37. Ng3 Rd3 38. Nf1 Qd4+ 39. Kh1 0-1

[Event "Nordic Chess-ch 2019"]
[Site "Sarpsborg"]
[Date "2019.06.24"]
[Round "5.28"]
[White "Henriksen, Morgan"]
[Black "Nordtug, Per Oistein"]
[Result "1-0"]
[ECO "D53"]
[WhiteElo "1717"]
[BlackElo "1456"]
[Annotator "NA"]
[PlyCount "58"]
[EventDate "2019.06.21"]
[EventType "swiss"]
[EventCountry "NOR"]
[SourceTitle "playchess.com"]
[Source "ChessBase"]
[SourceQuality "1"]
[TimeControl "40/5400+30:1800+30"]

1. d4 Nf6 2. c4 e6 3. Nc3 d5 4. Bg5 Be7 5. e3 c6 6. Nf3 Nbd7 7. Bd3 dxc4 8. Bxc4 b5 9. Bd3 Bb7 10. O-O a6 11. Rc1 Rc8 12. Bb1 c5 13. dxc5 Nxc5 14. Qe2 b4 15. Nd1 O-O 16. Nd4 Qd5 17. Nf3 Nce4 18. Bxe4 Qxe4 19. Rxc8 Rxc8 20. Ne1 Rc2 21. Qxc2 Qd5 22. Bxf6 Bxf6 23. b3 a5 24. f3 Ba6 25. Rf2 Qb5 26. Nb2 Qe5 27. Qd2 Qc3 28. Qxc3 Bxc3 29. Ned3 Bxb2 1-0

[Event "Nordic Chess-ch 2019"]
[Site "Sarpsborg"]
[Date "2019.06.24"]
[Round "5.29"]
[White "Blauhut, Anna"]
[Black "Eiding, Amanda Mai Irgens"]
[Result "0-1"]
[ECO "B27"]
[WhiteElo "1156"]
[BlackElo "1655"]
[Annotator "NA"]
[PlyCount "192"]
[EventDate "2019.06.21"]
[EventType "swiss"]
[EventCountry "NOR"]
[SourceTitle "playchess.com"]
[Source "ChessBase"]
[SourceQuality "1"]
[TimeControl "40/5400+30:1800+30"]

1. e4 c5 2. Nf3 g6 3. c3 Bg7 4. d4 cxd4 5. cxd4 d5 6. e5 Bg4 7. Bb5+ Nd7 8. Nbd2 a6 9. Bd3 e6 10. O-O Ne7 11. b3 Qa5 12. Bb2 O-O 13. h3 Bf5 14. Bxf5 Nxf5 15. Re1 Qb6 16. Nf1 Rfe8 17. Qd3 Ne7 18. Rac1 Nc6 19. a3 Na5 20. Rc3 f6 21. exf6 Nxf6 22. Ng3 Nd7 23. Bc1 Nc6 24. Be3 a5 25. Rc2 Bf8 26. Bc1 Bg7 27. Be3 Rac8 28. Ne2 Bf8 29. Bc1 Nf6 30. Ng3 Na7 31. Rxc8 Rxc8 32. Bb2 Re8 33. Ne5 Bd6 34. f4 Nc6 35. Ne2 Bxe5 36. fxe5 Nxe5 37. Qg3 Ned7 38. Kh1 Ne4 39. Qe3 Rf8 40. Ng3 Ndf6 41. Rf1 Qd6 42. Nxe4 Nxe4 43. Rxf8+ Qxf8 44. Kg1 Kg7 45. Qe1 b6 46. b4 axb4 47. Qxb4 Qxb4 48. axb4 Kf6 49. Kf1 Ke7 50. Ke2 Kd6 51. Kd3 Kc6 52. Kc2 Kb5 53. Kb3 Nd2+ 54. Kc3 Ne4+ 55. Kb3 Kc6 56. Bc1 b5 57. Bf4 Kd7 58. Be5 Nd6 59. Kc3 Nf7 60. Bf6 Kd6 61. Kd3 e5 62. g4 Ke6 63. Bh4 e4+ 64. Ke3 Nd6 65. Kf4 h6 66. Bf2 Nf7 67. h4 Kf6 68. h5 g5+ 69. Kg3 Nd8 70. Be1 Nc6 71. Bc3 Ke6 72. Kf2 Ne7 73. Kg3 Ng8 74. Bd2 Nf6 75. Be3 Ne8 76. Kf2 Kf7 77. Kg3 Nc7 78. Bd2 Ne6 79. Be3 Ke7 80. Bf2 Nf4 81. Be3 Nd3 82. Bd2 Ke6 83. Bc3 Nf4 84. Bd2 Ne2+ 85. Kf2 Nxd4 86. Bc3 Nc6 87. Ke3 Kf7 88. Bd2 Ne5 89. Kd4 Ke6 90. Kc5 Nc4 91. Bc1 e3 92. Bxe3 Nxe3 93. Kxb5 Nxg4 94. Kc5 Ne5 95. b5 g4 96. b6 Nd7+ 0-1

[Event "Nordic Chess-ch 2019"]
[Site "Sarpsborg"]
[Date "2019.06.24"]
[Round "5.30"]
[White "Berisha, Xhafer"]
[Black "Haggar, Haytham"]
[Result "0-1"]
[ECO "D94"]
[WhiteElo "1340"]
[BlackElo "1309"]
[Annotator "NA"]
[PlyCount "32"]
[EventDate "2019.06.21"]
[EventType "swiss"]
[EventCountry "NOR"]
[SourceTitle "playchess.com"]
[Source "ChessBase"]
[SourceQuality "1"]
[TimeControl "40/5400+30:1800+30"]

1. e3 d5 2. c4 c6 3. d4 Nf6 4. Nc3 g6 5. Be2 Bg7 6. Nf3 O-O 7. cxd5 cxd5 8. Bd2 Bf5 9. h3 Nc6 10. a3 Rc8 11. Rc1 Re8 12. Nh4 Be6 13. g4 a6 14. Bf3 Na5 15. Be2 Ne4 16. Nxe4 dxe4 0-1

[Event "Nordic Chess-ch 2019"]
[Site "Sarpsborg"]
[Date "2019.06.24"]
[Round "5.31"]
[White "Ulrichsen, Jarl H"]
[Black "Eriksson, Kristian"]
[Result "1/2-1/2"]
[ECO "C47"]
[WhiteElo "2180"]
[BlackElo "2111"]
[Annotator "NA"]
[PlyCount "64"]
[EventDate "2019.06.21"]
[EventType "swiss"]
[EventCountry "NOR"]
[SourceTitle "playchess.com"]
[Source "ChessBase"]
[SourceQuality "1"]
[TimeControl "40/5400+30:1800+30"]

1. e4 e5 2. Nf3 Nc6 3. Nc3 Nf6 4. d4 Bb4 5. Bg5 h6 6. Bxf6 Qxf6 7. dxe5 Nxe5 8. Nxe5 Qxe5 9. Qd3 Bxc3+ 10. bxc3 O-O 11. Be2 Re8 12. f3 d5 13. Qxd5 Qxc3+ 14. Kf2 Be6 15. Qd3 Qe5 16. Qe3 f5 17. f4 Qxe4 18. Qxe4 fxe4 19. Ke3 Rad8 20. Rhb1 b6 21. a4 a5 22. c4 Bd7 23. c5 bxc5 24. Rc1 Rb8 25. Ra3 Rb4 26. Rxc5 Rxa4 27. Rxa4 Bxa4 28. Rxa5 Bb3 29. Rc5 Re7 30. Bc4+ Bxc4 31. Rxc4 Kf7 32. g4 Kf6 1/2-1/2